TOP OF THE 1ST |
New York Mets batting - Pitching for Atlanta Braves : RHP Casey Jones
|
Pitching: RHP Casey Jones
|
|
Batting: SHB Nelle van den Berg
|
0-0: Ball 1-0: Foul Ball, location: 2F 1-1: Called Strike 1-2: Ground out 6-3 (Groundball, 6, EV 84.4 MPH)
|
Batting: LHB Kevin Bellman
|
0-0: Swinging Strike 0-1: Ground out 6-3 (Groundball, 6D, EV 101.2 MPH)
|
Batting: SHB Sean Cook
|
0-0: Ball 1-0: Ball 2-0: Foul Ball, location: 2F 2-1: Ball 3-1: Base on Balls
|
Batting: SHB Gus Berry
|
0-0: Called Strike 0-1: Ball 1-1: Foul Ball, location: 2F 1-2: Ball 2-2: Ground out 4-3 (Groundball, 4, EV 85.0 MPH)
|
Top of the 1st over - 0 runs, 0 hits, 0 errors, 1 left on base; New York 0 - Atlanta 0 |
BOTTOM OF THE 1ST |
Atlanta Braves batting - Pitching for New York Mets : RHP Jeff Jank
|
Pitching: RHP Jeff Jank
|
|
Batting: RHB Liangde Li
|
0-0: Ball 1-0: Ball 2-0: Fly out, F9 (Flyball, 89D, EV 107.5 MPH)
|
Batting: RHB Jordan Martin
|
0-0: Ball 1-0: Ground out 6-3 (Groundball, 6, EV 101.9 MPH)
|
Batting: RHB Jeckel Hester
|
0-0: Foul Ball, location: 2F 0-1: Ground out 2-3 (Groundball, 15S, EV 68.8 MPH)
|
Bottom of the 1st over - 0 runs, 0 hits, 0 errors, 0 left on base; New York 0 - Atlanta 0 |
TOP OF THE 2ND |
New York Mets batting - Pitching for Atlanta Braves : RHP Casey Jones
|
Batting: SHB Jonathan Jenkins
|
0-0: DOUBLE (Flyball, 89D, EV 96.9 MPH)
|
Batting: RHB Jesus Chavez
|
0-0: Called Strike 0-1: Ground out U3 (Groundball, 34S, EV 90.6 MPH) Jonathan Jenkins to third
|
Batting: SHB Javy Rosa
|
0-0: Called Strike 0-1: Ball 1-1: Ball 2-1: Ball 3-1: Called Strike 3-2: Base on Balls
|
Batting: SHB Scott Scott
|
0-0: Ball 1-0: Ball 2-0: Foul Ball, location: 2F 2-1: Ball 3-1: SINGLE (Groundball, 4MD, EV 98.1 MPH) Jonathan Jenkins scores Javy Rosa to second Runner from 2nd tries for 3rd, SAFE, throw by CF made to third Scott Scott to second
|
Batting: SHB Scott Bartholomew
|
0-0: Called Strike 0-1: Foul Ball, location: 2F 0-2: Foul Ball, location: 2F 0-2: Strikes out swinging
|
Batting: SHB Nelle van den Berg
|
0-0: 3-RUN HOME RUN (Flyball, 89XD, EV 101.9 MPH), Distance : 398 ft
|
Batting: LHB Kevin Bellman
|
0-0: Ground out 6-3 (Groundball, 6, EV 108.8 MPH)
|
Top of the 2nd over - 4 runs, 3 hits, 0 errors, 0 left on base; New York 4 - Atlanta 0 |
BOTTOM OF THE 2ND |
Atlanta Braves batting - Pitching for New York Mets : RHP Jeff Jank
|
Batting: RHB Jim Zucco
|
0-0: Called Strike 0-1: Swinging Strike 0-2: Strikes out swinging
|
Batting: LHB Helge Jivotovsky
|
0-0: Called Strike 0-1: SOLO HOME RUN (Flyball, 7D, EV 96.9 MPH), Distance : 360 ft
|
Batting: RHB Adriaan Pieters
|
0-0: Swinging Strike 0-1: Swinging Strike 0-2: Ball 1-2: Foul Ball, location: 2F 1-2: Foul Ball, location: 2F 1-2: Strikes out swinging
|
Batting: RHB Butch Kaiser
|
0-0: Called Strike 0-1: Ball 1-1: Fly out, F8 (Flyball, 8LS, EV 90.0 MPH)
|
Bottom of the 2nd over - 1 run, 1 hit, 0 errors, 0 left on base; New York 4 - Atlanta 1 |
TOP OF THE 3RD |
New York Mets batting - Pitching for Atlanta Braves : RHP Casey Jones
|
Batting: SHB Sean Cook
|
0-0: Called Strike 0-1: Ball 1-1: Ball 2-1: Foul Ball, location: 2F 2-2: Ground out 6-3 (Groundball, 6, EV 87.5 MPH)
|
Batting: SHB Gus Berry
|
0-0: Swinging Strike 0-1: Ball 1-1: Ball 2-1: Foul Ball, location: 2F 2-2: Ball 3-2: Foul Ball, location: 2F 3-2: Strikes out swinging
|
Batting: SHB Jonathan Jenkins
|
0-0: Called Strike 0-1: Ball 1-1: DOUBLE (Line Drive, 89D, EV 101.2 MPH)
|
Batting: RHB Jesus Chavez
|
0-0: Ball 1-0: Ball 2-0: 2-RUN HOME RUN (Flyball, 89XD, EV 100.0 MPH), Distance : 410 ft
|
Batting: SHB Javy Rosa
|
0-0: Ball 1-0: Ball 2-0: Foul Ball, location: 2F 2-1: Ground out 6-3 (Groundball, 6M, EV 78.1 MPH)
|
Top of the 3rd over - 2 runs, 2 hits, 0 errors, 0 left on base; New York 6 - Atlanta 1 |
BOTTOM OF THE 3RD |
Atlanta Braves batting - Pitching for New York Mets : RHP Jeff Jank
|
Batting: SHB Brian Bagley
|
0-0: Ball 1-0: Ball 2-0: Fly out, F8 (Flyball, 8RXD, EV 106.9 MPH)
|
Batting: RHB Oscar Fausto
|
0-0: Called Strike 0-1: Called Strike 0-2: Fly out, F3 (Popup, 3SF, EV 68.1 MPH)
|
Batting: RHB Liangde Li
|
0-0: Ball 1-0: Ball 2-0: Ball 3-0: Called Strike 3-1: Called Strike 3-2: Foul Ball, location: 2F 3-2: Ground out 5-3 (Groundball, 56S, EV 86.9 MPH)
|
Bottom of the 3rd over - 0 runs, 0 hits, 0 errors, 0 left on base; New York 6 - Atlanta 1 |
TOP OF THE 4TH |
New York Mets batting - Pitching for Atlanta Braves : RHP Casey Jones
|
Pitching: RHP David Krampe
|
|
Batting: SHB Scott Scott
|
0-0: SINGLE (Groundball, 34D, EV 95.0 MPH)
|
Batting: SHB Scott Bartholomew
|
0-0: Ball 1-0: Called Strike 1-1: Ball 2-1: Ball 3-1: Swinging Strike 3-2: Foul Ball, location: 2F 3-2: Fly out, F8 (Flyball, 8LS, EV 85.0 MPH)
|
Batting: SHB Nelle van den Berg
|
0-0: Ball 1-0: Called Strike 1-1: Foul Ball, location: 2F 1-2: Ball 2-2: Foul Ball, location: 2F 2-2: Reached on error, E4 (Groundball, 34D, EV 80.0 MPH) Scott Scott to second
|
Batting: LHB Kevin Bellman
|
0-0: Called Strike 0-1: Ball 1-1: Ground out 5-3 (Groundball, 56S, EV 61.9 MPH) Scott Scott to third Nelle van den Berg to second
|
Batting: SHB Sean Cook
|
0-0: Ball 1-0: Ball 2-0: Foul Ball, location: 2F 2-1: Foul Ball, location: 2F 2-2: Ball 3-2: DOUBLE (Groundball, 5L, EV 101.9 MPH) Scott Scott scores Nelle van den Berg scores
|
Batting: SHB Gus Berry
|
0-0: Ball 1-0: Fly out, F7 (Flyball, 7S, EV 70.6 MPH)
|
Top of the 4th over - 2 runs, 2 hits, 1 error, 1 left on base; New York 8 - Atlanta 1 |
BOTTOM OF THE 4TH |
Atlanta Braves batting - Pitching for New York Mets : RHP Jeff Jank
|
Batting: RHB Jordan Martin
|
0-0: Ball 1-0: Called Strike 1-1: Ground out 4-3 (Groundball, 6M, EV 105.0 MPH)
|
Batting: RHB Jeckel Hester
|
0-0: Ball 1-0: Ball 2-0: Ball 3-0: Foul Ball, location: 2F 3-1: Foul Ball, location: 2F 3-2: Foul Ball, location: 2F 3-2: Fly out, F9 (Flyball, 9S, EV 86.2 MPH)
|
Batting: RHB Jim Zucco
|
0-0: Ball 1-0: Called Strike 1-1: Called Strike 1-2: Strikes out looking
|
Bottom of the 4th over - 0 runs, 0 hits, 0 errors, 0 left on base; New York 8 - Atlanta 1 |
TOP OF THE 5TH |
New York Mets batting - Pitching for Atlanta Braves : RHP David Krampe
|
Batting: SHB Jonathan Jenkins
|
0-0: Ball 1-0: Swinging Strike 1-1: Fly out, F8 (Line Drive, 8LD, EV 94.4 MPH)
|
Batting: RHB Jesus Chavez
|
0-0: Ball 1-0: Ground out U3 (Groundball, 34, EV 103.8 MPH)
|
Batting: SHB Javy Rosa
|
0-0: Called Strike 0-1: Ball 1-1: Swinging Strike 1-2: Strikes out looking
|
Top of the 5th over - 0 runs, 0 hits, 0 errors, 0 left on base; New York 8 - Atlanta 1 |
BOTTOM OF THE 5TH |
Atlanta Braves batting - Pitching for New York Mets : RHP Jeff Jank
|
Batting: LHB Helge Jivotovsky
|
0-0: Called Strike 0-1: Ground out 4-3 (Groundball, 4, EV 81.2 MPH)
|
Batting: RHB Adriaan Pieters
|
0-0: Ball 1-0: Called Strike 1-1: Ground out 4-3 (Groundball, 4MD, EV 85.6 MPH)
|
Batting: RHB Butch Kaiser
|
0-0: Ball 1-0: Foul Ball, location: 2F 1-1: Ball 2-1: Ground out 5-3 (Groundball, 56S, EV 73.8 MPH)
|
Bottom of the 5th over - 0 runs, 0 hits, 0 errors, 0 left on base; New York 8 - Atlanta 1 |
TOP OF THE 6TH |
New York Mets batting - Pitching for Atlanta Braves : RHP David Krampe
|
Batting: SHB Scott Scott
|
0-0: Called Strike 0-1: SINGLE (Line Drive, 78M, EV 100.6 MPH)
|
Batting: SHB Scott Bartholomew
|
0-0: Ball 1-0: Ball Scott Scott steals 2nd base (no throw) 2-0: Foul Ball, location: 2F 2-1: Ball 3-1: Base on Balls
|
Batting: SHB Nelle van den Berg
|
0-0: SINGLE (Flyball, 78S, EV 87.5 MPH) Scott Scott to third Scott Bartholomew to second Runner from 3rd tries for Home, SAFE, throw by LF to home
|
Batting: LHB Kevin Bellman
|
0-0: SINGLE (Line Drive, 4M, EV 95.6 MPH) Scott Bartholomew to third Nelle van den Berg to second Runner from 3rd tries for Home, SAFE, throw by CF to home
|
Batting: SHB Sean Cook
|
0-0: Ball Wild Pitch! Nelle van den Berg to third Kevin Bellman to second 1-0: Foul Ball, location: 2F 1-1: Called Strike 1-2: Strikes out looking
|
Batting: SHB Gus Berry
|
0-0: Called Strike 0-1: Called Strike 0-2: Ball 1-2: Ground out 5-3 (Groundball, 56, EV 79.4 MPH) Nelle van den Berg scores
|
Batting: SHB Jonathan Jenkins
|
0-0: Swinging Strike 0-1: Called Strike 0-2: Strikes out looking
|
Top of the 6th over - 3 runs, 3 hits, 0 errors, 1 left on base; New York 11 - Atlanta 1 |
BOTTOM OF THE 6TH |
Atlanta Braves batting - Pitching for New York Mets : RHP Jeff Jank
|
Batting: SHB Brian Bagley
|
0-0: Called Strike 0-1: Fly out, F9 (Flyball, 9LS, EV 92.5 MPH)
|
Batting: RHB Oscar Fausto
|
0-0: Ball 1-0: SOLO HOME RUN (Flyball, 9D, EV 99.4 MPH), Distance : 371 ft
|
Batting: RHB Liangde Li
|
0-0: Swinging Strike 0-1: Called Strike 0-2: Ball 1-2: Fly out, F8 (Flyball, 8RD, EV 100.0 MPH)
|
Batting: RHB Jordan Martin
|
0-0: Called Strike 0-1: Called Strike 0-2: Foul Ball, location: 2F 0-2: Ball 1-2: Strikes out looking
|
Bottom of the 6th over - 1 run, 1 hit, 0 errors, 0 left on base; New York 11 - Atlanta 2 |
TOP OF THE 7TH |
New York Mets batting - Pitching for Atlanta Braves : RHP David Krampe
|
Batting: RHB Jesus Chavez
|
0-0: Called Strike 0-1: Foul Ball, location: 2F 0-2: Ball 1-2: Ground out U3 (Groundball, 3S, EV 86.9 MPH)
|
Pitching: RHP John Carbonneau
|
|
Pinch Hitting: RHB Jeff MacPhee
|
0-0: Ball 1-0: Ball 2-0: Ground out 1-3 (Groundball, 13, EV 66.2 MPH)
|
Pinch Hitting: SHB Tomas Caldera
|
0-0: Ball 1-0: SINGLE (Groundball, 34D, EV 105.0 MPH)
|
Batting: SHB Scott Bartholomew
|
0-0: Called Strike 0-1: Ball 1-1: Foul Ball, location: 2F 1-2: Strikes out swinging
|
Top of the 7th over - 0 runs, 1 hit, 0 errors, 1 left on base; New York 11 - Atlanta 2 |
BOTTOM OF THE 7TH |
Atlanta Braves batting - Pitching for New York Mets : RHP Jeff Jank
|
Pitching: LHP Jose Vega
|
|
Now at 1B: Roberto Magne
|
|
Now in LF: Jeff MacPhee
|
|
Batting: RHB Jeckel Hester
|
0-0: Ball 1-0: Ball 2-0: Called Strike 2-1: Called Strike 2-2: Strikes out swinging
|
Batting: RHB Jim Zucco
|
0-0: Ball 1-0: Ball 2-0: Ball 3-0: Called Strike 3-1: Swinging Strike 3-2: Foul Ball, location: 2F 3-2: Base on Balls
|
Batting: LHB Helge Jivotovsky
|
0-0: SINGLE (Flyball, 7LS, EV 98.1 MPH) Jim Zucco to second
|
Batting: RHB Adriaan Pieters
|
0-0: Ball 1-0: Fly out, F9 (Flyball, 89M, EV 86.9 MPH)
|
Batting: RHB Butch Kaiser
|
0-0: Ball 1-0: Called Strike 1-1: Fielders Choice at 2nd, 5-4 (Groundball, 56, EV 103.1 MPH)
|
Bottom of the 7th over - 0 runs, 1 hit, 0 errors, 2 left on base; New York 11 - Atlanta 2 |
TOP OF THE 8TH |
New York Mets batting - Pitching for Atlanta Braves : RHP John Carbonneau
|
Batting: SHB Nelle van den Berg
|
0-0: Ball 1-0: Called Strike 1-1: Foul Ball, location: 2F 1-2: Ball 2-2: Foul Ball, location: 2F 2-2: Ball 3-2: Foul Ball, location: 2F 3-2: Base on Balls
|
Batting: LHB Kevin Bellman
|
0-0: Called Strike 0-1: Ball 1-1: Ball 2-1: Ball 3-1: Foul Ball, location: 2F 3-2: Base on Balls Nelle van den Berg to second
|
Batting: SHB Sean Cook
|
0-0: Foul Ball, location: 2F 0-1: Ball 1-1: Ball 2-1: Ball 3-1: Base on Balls Nelle van den Berg to third Kevin Bellman to second
|
Batting: SHB Gus Berry
|
0-0: Ball 1-0: DOUBLE (Line Drive, 78XD, EV 101.9 MPH) Nelle van den Berg scores Kevin Bellman scores Sean Cook to third
|
Batting: SHB Jonathan Jenkins
|
0-0: Foul Ball, location: 2F 0-1: Swinging Strike 0-2: Ball 1-2: Ball 2-2: Strikes out swinging
|
Pitching: RHP Jorge Mora
|
|
Batting: RHB Jesus Chavez
|
0-0: Foul Ball, location: 2F 0-1: Foul Ball, location: 2F 0-2: Ball 1-2: Ball 2-2: Foul Ball, location: 2F 2-2: Foul Ball, location: 2F 2-2: Ball 3-2: Base on Balls
|
Batting: RHB Jeff MacPhee
|
0-0: Ball 1-0: Foul Ball, location: 2F 1-1: Foul Ball, location: 2F 1-2: Foul Ball, location: 2F 1-2: DOUBLE (Groundball, 3L, EV 94.4 MPH) Sean Cook scores Gus Berry scores Jesus Chavez to third
|
Batting: SHB Roberto Magne
|
0-0: Foul Ball, location: 2F 0-1: SINGLE (Groundball, 34D, EV 100.0 MPH) Jesus Chavez scores Jeff MacPhee to third
|
Batting: SHB Scott Bartholomew
|
0-0: Ball 1-0: Fly out, F3 (Line Drive, 3, EV 71.9 MPH)
|
Batting: SHB Nelle van den Berg
|
0-0: Foul Ball, location: 2F 0-1: Foul Ball, location: 2F 0-2: Strikes out looking
|
Top of the 8th over - 5 runs, 3 hits, 0 errors, 2 left on base; New York 16 - Atlanta 2 |
BOTTOM OF THE 8TH |
Atlanta Braves batting - Pitching for New York Mets : LHP Jose Vega
|
Batting: SHB Brian Bagley
|
0-0: Fly out, F8 (Flyball, 8LD, EV 99.4 MPH)
|
Batting: RHB Oscar Fausto
|
0-0: Foul Ball, location: 2F 0-1: Ball 1-1: Called Strike 1-2: Strikes out swinging
|
Pinch Hitting: LHB Davey Schonewille
|
0-0: Ball 1-0: Foul Ball, location: 2F 1-1: Foul Ball, location: 2F 1-2: Ball 2-2: Strikes out swinging
|
Bottom of the 8th over - 0 runs, 0 hits, 0 errors, 0 left on base; New York 16 - Atlanta 2 |
TOP OF THE 9TH |
New York Mets batting - Pitching for Atlanta Braves : RHP Jorge Mora
|
Now in CF: Davey Schonewille
|
|
Batting: LHB Kevin Bellman
|
0-0: Ball 1-0: Swinging Strike 1-1: Fly out, F8 (Flyball, 8LD, EV 101.2 MPH)
|
Batting: SHB Sean Cook
|
0-0: Called Strike 0-1: Foul Ball, location: 2F 0-2: Ball 1-2: Ball 2-2: Ball 3-2: Foul Ball, location: 2F 3-2: DOUBLE (Groundball, 5L, EV 105.0 MPH)
|
Pitching: RHP Johnny Munoz
|
|
Batting: SHB Gus Berry
|
0-0: Ball 1-0: Ball 2-0: Ball 3-0: Called Strike 3-1: Called Strike 3-2: SINGLE (Groundball, 13S, EV 66.2 MPH) (infield hit) Sean Cook to third
|
Batting: SHB Jonathan Jenkins
|
0-0: Called Strike 0-1: SINGLE (Groundball, 3, EV 106.9 MPH) Sean Cook scores Gus Berry to second
|
Batting: RHB Jesus Chavez
|
0-0: Ball 1-0: Fly out, F8 (Flyball, 8LM, EV 75.0 MPH)
|
Batting: RHB Jeff MacPhee
|
0-0: Ball 1-0: Ground out 5-3 (Groundball, 56S, EV 62.5 MPH)
|
Top of the 9th over - 1 run, 3 hits, 0 errors, 2 left on base; New York 17 - Atlanta 2 |
BOTTOM OF THE 9TH |
Atlanta Braves batting - Pitching for New York Mets : LHP Jose Vega
|
Batting: RHB Jordan Martin
|
0-0: Called Strike 0-1: DOUBLE (Line Drive, 7LD, EV 105.6 MPH)
|
Pitching: RHP Victor Morin
|
|
Batting: RHB Jeckel Hester
|
0-0: Ball 1-0: Called Strike 1-1: Fly out, F4 (Line Drive, 4, EV 67.5 MPH)
|
Batting: RHB Jim Zucco
|
0-0: Ball 1-0: Ball 2-0: Reached on error, E7 (Flyball, 7D, EV 91.9 MPH) Jordan Martin scores
|
Batting: LHB Helge Jivotovsky
|
0-0: Called Strike 0-1: Ball 1-1: Ball 2-1: 2-RUN HOME RUN (Flyball, 9D, EV 108.1 MPH), Distance : 408 ft
|
Batting: RHB Adriaan Pieters
|
0-0: SINGLE (Groundball, 6MS, EV 69.4 MPH) (infield hit)
|
Batting: RHB Butch Kaiser
|
0-0: Called Strike 0-1: SINGLE (Groundball, 3S, EV 64.4 MPH) (infield hit) Adriaan Pieters to second
|
Batting: SHB Brian Bagley
|
0-0: Foul Ball, location: 2F 0-1: Swinging Strike 0-2: Ball 1-2: Fly out, F7 (Flyball, 78D, EV 88.1 MPH)
|
Batting: RHB Oscar Fausto
|
0-0: Called Strike 0-1: Ball 1-1: Foul Ball, location: 2F 1-2: Foul Ball, location: 2F 1-2: Strikes out swinging
|
Bottom of the 9th over - 3 runs, 4 hits, 1 error, 2 left on base; New York 17 - Atlanta 5 |
|